Match 47239088
Unlisted

Match 47239088
End
Construct Barracks
Riflemen Squad
Riflemen Squad
Riflemen Squad
Grenade Package
Construct Weapon Support Center
Mechanized Support Center
Construct Medical Station
M3 Armored Personnel Carrier
Riflemen Squad
M1918 Browning Automatic Rifles
M3 Armored Personnel Carrier
Engineer Squad
Designate Forward Repair Station
Riflemen Squad
Selects Special Operations Battlegroup
Selects M29 Weasel with M1 Pack Howitzer
Selects P-47 Anti-Infantry Loiter
P-47 Anti-Infantry Loiter
M3 Armored Personnel Carrier
Construct Tank Depot
Riflemen Squad
M3 Armored Personnel Carrier
Bazooka Squad
Selects M4A1 Sherman Whizbang
M4A1 Sherman Whizbang
Riflemen Squad
P-47 Anti-Infantry Loiter
Selects Raiding Flares
Selects SSF Commando Squad
Construct Motor Pool
Riflemen Squad
Oncle-Hô
可叹落叶飘零
asfgdfgs
Bombardiro Crocodilo
Jæver
_Nemez_
0
0

Comments sign in to comment!

No comments posted yet!